 Dungeon Crawl Stone Soup version 0.29-a0-275-g389c0b56f3 (webtiles) character file.

Game seed: 5180914468777822334

205 enile the Skirmisher (level 5, -12/41 HPs)
             Began as a Demonspawn Wanderer on Mar 10, 2022.
             Was an Elder of Ignis.
             Mangled by Duvessa
             ... wielding a +0 rapier
              (19 damage)
             ... on level 3 of the Dungeon.
             The game lasted 00:05:45 (3014 turns).

enile the Skirmisher (Demonspawn Wanderer)          Turns: 3014, Time: 00:05:46

Health: -12/41     AC: 16    Str: 13    XL:     5   Next: 52%
Magic:  8/8        EV: 12    Int: 15    God:    Ignis [****..]
Gold:   122        SH:  0    Dex: 12    Spells: 6/8 levels left

rFire   + . .      SeeInvis .   r - +0 great sword
rCold   . . .      Faith    .   (shield currently unavailable)
rNeg    . . .      Spirit   .   e - +0 robe
rPois   .          Reflect  .   (no helmet)
rElec   .          Harm     .   c - +0 cloak
rCorr   .          Rampage  .   (no gloves)
Will    .....                   (no boots)
Stlth   ++........              (no amulet)
HPRegen 0.13/turn               (no ring)
MPRegen 0.11/turn               (no ring)

@: mighty, sanguine armoured, attractive, fiery-armoured
A: foul stench 1, sanguine armour 1, demonic magic 1
a: Renounce Religion, Fiery Armour, Foxfire Swarm


You were on level 3 of the Dungeon.
You worshipped Ignis.
Ignis was greatly pleased with you.
You visited 1 branch of the dungeon, and saw 4 of its levels.

You collected 122 gold pieces.

Inventory:

Hand Weapons
 a - a +2 dagger
 g - a +1 mace of draining
 p - a +2 dagger of venom
 r - a +0 great sword (weapon)
Missiles
 l - 8 poisoned darts (quivered)
Armour
 c - a +0 cloak (worn)
 e - a +0 robe (worn)
Jewellery
 k - an amulet of regeneration
 n - a ring of protection from fire
 o - an amulet of reflection
Wands
 j - a wand of polymorph (8)
Scrolls
 f - 2 scrolls of noise {unknown}
 u - 2 scrolls of summoning {unknown}
Potions
 d - a potion of brilliance
 t - a potion of magic {unknown}
 w - a potion of mutation {unknown}
 x - a potion of curing {unknown}


   Skills:
 + Level 3.3 Fighting
 - Level 3.0 Throwing
 - Level 2.0 Dodging
 - Level 3.0 Stealth
 - Level 2.0 Spellcasting
 - Level 3.0 Conjurations


You had 6 spell levels left.
You knew the following spells:

 Your Spells              Type           Power      Damage    Failure   Level
a - Searing Ray           Conj           20%        2d5       10%         2

Your spell library contained the following spells:

 Spells                   Type           Power      Damage    Failure   Level
 Static Discharge         Conj/Air       6%         N/A       19%         2


Dungeon Overview and Level Annotations

Branches:
Dungeon (4/15)
 Temple: D:4-7

Altars:
Fedhas
Gozag
Sif Muna
Ignis

Annotations:
D:3 Duvessa
D:4 Edmund


Innate Abilities, Weirdness & Mutations

You may rarely emit foul miasma when damaged in melee.
When seriously injured, your blood forms armour. (AC +6)
Spells you cast may paralyse adjacent enemies.


Message History

Duvessa is moderately wounded.
Duvessa hits you with a +0 rapier. Duvessa barely misses you.
Duvessa hits you with a +0 rapier.
Duvessa is burned by your cloak of flames.
Duvessa is moderately wounded.
Okay, then.
Blink to where?
Press: ? - help, Dir - move target, p - Duvessa
As you read the scroll of blinking, it crumbles to dust.
Casting: Searing Ray (safe; 10% risk of failure)
Confirm with . or Enter, or press ? or * to list all spells.
You don't know that spell.
As you read the scroll labelled KOMIEC UNEO, it crumbles to dust.
The scroll dissolves into smoke.
It was a scroll of fog.
Duvessa rages.
As you read the scroll labelled BUALAG GIMM, it crumbles to dust.
You assume a fearsome visage.
Duvessa is unaffected.
It was a scroll of fear.
Duvessa hits you with a +0 rapier.
Duvessa is burned by your cloak of flames.
Duvessa is moderately wounded.
Duvessa hits you with a +0 rapier.
Duvessa is burned by your cloak of flames.
Duvessa is moderately wounded.
As you read the scroll labelled FIHEERE DAVVEQEPHO, it crumbles to dust.
You speak a Word of immense power!
You are blasted by holy energy!
* * * LOW HITPOINT WARNING * * *
It was a scroll of holy word.
Duvessa barely misses you.
It was a potion of attraction.
You feel attractive to monsters. Duvessa hits you with a +0 rapier.
* * * LOW HITPOINT WARNING * * *
Duvessa is burned by your cloak of flames.
Duvessa is heavily wounded.
Duvessa hits you but does no damage.
Duvessa is burned by your cloak of flames.
Duvessa is heavily wounded.
It was a potion of might.
You feel very mighty all of a sudden. Duvessa hits you with a +0 rapier!!
You die...

########...(.##.# #......
.......####..##.### ###..##
#.####.# #..##...# #.## ..# #.#
#..###..# #.### ######÷# #..#
#..# #.... .#<....####..# #..#
#.### .#.#.#.##....###§§# #.# #
####.......§..§§§§###########.###
..#...#...##.#§e@§§..............
.....###..##.####################
......#...##.## .....
.....>........#.......#
.............##########
.##...#.#..####....# .##....#...#
#....# ......###..# ####.#
.#####.#...# #.#


You could see Duvessa (berserk).

Vanquished Creatures
  Dowan (D:3)
  A hound (D:3)
  An iguana (D:3)
  6 adders
  2 dart slugs (D:2)
  5 endoplasms
  2 goblins (D:2)
  6 hobgoblins
  A quokka (D:2)
  4 ball pythons
  4 bats
  3 frilled lizards
  5 kobolds
  6 rats
47 creatures vanquished.

Vanquished Creatures (others)
  20 foxfires (D:3)
20 creatures vanquished.

Grand Total: 67 creatures vanquished

Notes
Turn   | Place    | Note
-------+----------+-------------------------------------------
     0 | D:1      | enile the Demonspawn Wanderer began the quest for the Orb.
     0 | D:1      | enile set off with the following items: a +2 dagger, 2
                  | curare-tipped darts, a +0 cloak, a potion of brilliance, a
                  | +0 robe; and the following spells available to memorise:
                  | Searing Ray, Static Discharge
     0 | D:1      | Reached XP level 1. HP: 15/15 MP: 2/2
   355 | D:1      | Gained mutation: When seriously injured, your blood forms
                  | armour. (AC +6) [demonic ancestry]
   355 | D:1      | Reached XP level 2. HP: 20/22 MP: 3/3
   372 | D:1      | Found a faded altar of an unknown god.
   406 | D:1      | Prayed at the altar of an unknown god.
   406 | D:1      | Became a worshipper of Ignis, the Dying Flame
  1172 | D:2      | Gained mutation: Spells you cast may paralyse adjacent
                  | enemies. [demonic ancestry]
  1172 | D:2      | Reached XP level 3. HP: 27/29 MP: 4/4
  1270 | D:2      | Reached skill level 1 in Dodging
  1332 | D:2      | Reached XP level 4. HP: 30/35 MP: 5/5
  1786 | D:3      | Learned a level 2 spell: Searing Ray
  1869 | D:3      | Found a blossoming altar of Fedhas.
  1871 | D:3      | Found a shimmering blue altar of Sif Muna.
  2128 | D:3      | Found an opulent altar of Gozag.
  2631 | D:4      | Noticed Edmund
  2657 | D:3      | Gained mutation: You may rarely emit foul miasma when
                  | damaged in melee. [demonic ancestry]
  2657 | D:3      | Reached XP level 5. HP: 32/41 MP: 3/6
  2717 | D:4      | Noticed Dowan
  2718 | D:4      | Noticed Duvessa
  2758 | D:3      | Killed Dowan
  3014 | D:3      | Mangled by Duvessa

Illustrated notes

Levels and vault maps discovered:
D:1:      amcnicky_arrival_choice, layout_loops_corners, basic_ecumenical_altar,
          minmay_pentomino_t2
D:2:      layout_loops_cross
D:3:      layout_loops_ring, chequers_temple_overflow_statue_of_worship,
          mainiacjoe_overflow_tiny_flanked, serial_aquarium,
          aquarium_bridge_long_joined [aquarium_subvault_bridge,
          aquarium_subvault_wall, aquarium_subvault_balcony,
          aquarium_subvault_window, aquarium_subvault_wall,
          aquarium_subvault_wall], aquarium_bridge_square
          [aquarium_subvault_bridge, aquarium_subvault_wall,
          aquarium_subvault_window, aquarium_subvault_wall], aquarium_window_1,
          aquarium_window_fake, aquarium_window_corridor_1, aquarium_view_2c,
          aquarium_view_2b
D:4:      layout_rooms, nemelex_dance_club_becter,
          mainiacjoe_overflow_divided_tiny, minmay_temple_entry_trees,
          grunt_decor_one_mirror, uniq_edmund, uniq_duvessa

Skill      XL: |  1  2  3  4  5 |
---------------+----------------+-----
Fighting       | 2 3 |  3.3
Dodging        | 2 |  2.0
Stealth        | 3 |  3.0
Throwing       | 3 |  3.0
Conjurations   | 3 |  3.0
Spellcasting   | 2 |  2.0

Action                   |  1- 3 |  4- 6 || total
-------------------------+-------+-------++-------
Melee: Dagger            |    28 |       ||    28
       Punch             |     1 |       ||     1
       Mace              |    24 |       ||    24
       Great sword       |    34 |    28 ||    62
       Unarmed           |       |     3 ||     3
Throw: Dart              |       |     2 ||     2
 Cast: Searing Ray       |       |     6 ||     6
Invok: Foxfire Swarm     |       |     2 ||     2
       Fiery Armour      |       |     2 ||     2
       Rising Flame      |       |     1 ||     1
  Use: Scroll            |       |     5 ||     5
       Potion            |       |     3 ||     3
 Stab: Sleeping          |     4 |     3 ||     7
Armor: Robe              |    31 |    14 ||    45
       Skin              |       |     6 ||     6
Dodge: Dodged            |    64 |    61 ||   125

Table legend: (Time is in decaauts)
 A = Elapsed time spent in this place.
 B = Non-inter-level travel time spent in this place.
 C = Inter-level travel time spent in this place.
 D = Time resting spent in this place.
 E = Time spent auto-exploring this place.
 F = Levels seen in this place.
 G = Mean time per level.
                   A        B        C        D        E       F      G
               +--------+--------+--------+--------+--------+-----+--------+
         Total |   3068 |   2941 |    127 |     16 |   2470 |   4 |  767.0 |
       Dungeon |   3068 |   2941 |    127 |     16 |   2470 |   4 |  767.0 |
               +--------+--------+--------+--------+--------+-----+--------+

Top non-repeatable levels by time:
     D:1: 1092 daAuts
     D:3: 1059 daAuts
     D:2: 895 daAuts
     D:4: 21 daAuts
